A - U25
FLINT WOLVERINES @ CLINTON LUMBERKINGS
06/25/2053
 
TOP OF THE 1ST
South Bend Cubs batting - Pitching for West Michigan Whitecaps : RHP Hsiao-Jung Chou
Pitching: RHP Hsiao-Jung Chou
Batting: RHB Scott Olin 0-0: Swinging Strike
0-1: Called Strike
0-2: Ball
1-2: Ball
2-2: Foul Ball, location: 2F
2-2: Ground out 5-3 (Groundball, 56S, EV 71.2 MPH)
Batting: LHB Orpheus Kirkwood 0-0: Ground out U3 (Groundball, 3, EV 96.9 MPH)
Batting: RHB Hugo Sánchez 0-0: Called Strike
0-1: Swinging Strike
0-2: Foul Ball, location: 2F
0-2: Ball
1-2: Foul Ball, location: 2F
1-2: Strikes out swinging, 2-3 out at first.
Top of the 1st over - 0 runs, 0 hits, 0 errors, 0 left on base; South Bend 0 - West Michigan 0
BOTTOM OF THE 1ST
West Michigan Whitecaps batting - Pitching for South Bend Cubs : RHP Andy Haynes
Pitching: RHP Andy Haynes
Batting: LHB B.J. Booth 0-0: Ball
1-0: Fly out, F4 (Popup, 4D, EV 58.8 MPH)
Batting: LHB Rhys Luker 0-0: Ball
1-0: Ball
2-0: Swinging Strike
2-1: Foul Ball, location: 2F
2-2: Ball
3-2: Foul Ball, location: 2F
3-2: Strikes out swinging
Batting: LHB Manuel Ceballos 0-0: Ball
1-0: SINGLE (Line Drive, 89S, EV 91.9 MPH)
Batting: RHB Jim Jones 0-0: Called Strike
0-1: Ball
1-1: Fly out, F7 (Line Drive, 7D, EV 88.1 MPH)
Bottom of the 1st over - 0 runs, 1 hit, 0 errors, 1 left on base; South Bend 0 - West Michigan 0
TOP OF THE 2ND
South Bend Cubs batting - Pitching for West Michigan Whitecaps : RHP Hsiao-Jung Chou
Batting: RHB Kayson Moirin 0-0: Fly out, F9 (Line Drive, 9, EV 91.9 MPH)
Batting: RHB Kevin Crish 0-0: Fly out, F7 (Flyball, 7S, EV 84.4 MPH)
Batting: RHB Tyndall Castle 0-0: Called Strike
0-1: Swinging Strike
0-2: Ball
1-2: Foul Ball, location: 2F
1-2: Strikes out looking
Top of the 2nd over - 0 runs, 0 hits, 0 errors, 0 left on base; South Bend 0 - West Michigan 0
BOTTOM OF THE 2ND
West Michigan Whitecaps batting - Pitching for South Bend Cubs : RHP Andy Haynes
Batting: LHB Sean Hartman 0-0: Called Strike
0-1: Ball
1-1: Ball
2-1: Fly out, F9 (Line Drive, 9, EV 92.5 MPH)
Batting: SHB Miles Osorio 0-0: Ball
1-0: Called Strike
1-1: Ground out 4-3 (Groundball, 4, EV 105.6 MPH)
Batting: LHB Peyton Chambers 0-0: Ground out 4-3 (Groundball, 4, EV 85.0 MPH)
Bottom of the 2nd over - 0 runs, 0 hits, 0 errors, 0 left on base; South Bend 0 - West Michigan 0
TOP OF THE 3RD
South Bend Cubs batting - Pitching for West Michigan Whitecaps : RHP Hsiao-Jung Chou
Batting: LHB Mike Hewitt 0-0: Ball
1-0: Ball
2-0: Foul Ball, location: 2F
2-1: Ball
3-1: Base on Balls
Batting: LHB Yerjeni Santos 0-0: Called Strike
0-1: Ball
1-1: Ball
2-1: Ball
3-1: Base on Balls
Mike Hewitt to second
Batting: SHB Dávid Vavro 0-0: Ball
1-0: Swinging Strike
1-1: Swinging Strike
1-2: Ball
2-2: Strikes out swinging
Batting: RHB Scott Olin 0-0: Swinging Strike
0-1: Foul Ball, location: 2F
0-2: Foul Ball, location: 2F
0-2: Ball
1-2: Ball
2-2: Fly out, F7 (Line Drive, 7, EV 88.8 MPH)
Batting: LHB Orpheus Kirkwood 0-0: SINGLE (Groundball, 56D, EV 95.0 MPH)
Mike Hewitt to third
Yerjeni Santos to second
Runner from 3rd tries for Home, SAFE, throw by LF to home
Batting: RHB Hugo Sánchez 0-0: Ball
1-0: Ball
2-0: 3-RUN HOME RUN (Flyball, 9D, EV 100.0 MPH), Distance : 373 ft
Batting: RHB Kayson Moirin 0-0: Ball
1-0: Ball
2-0: Ball
3-0: Fly out, F9 (Flyball, 9S, EV 91.2 MPH)
Top of the 3rd over - 4 runs, 2 hits, 0 errors, 0 left on base; South Bend 4 - West Michigan 0
BOTTOM OF THE 3RD
West Michigan Whitecaps batting - Pitching for South Bend Cubs : RHP Andy Haynes
Batting: RHB Robin Edwards 0-0: Ground out 1-3 (Groundball, P, EV 68.8 MPH)
Batting: RHB Chris Winningham 0-0: Ball
1-0: Ball
2-0: Foul Ball, location: 2F
2-1: Fly out, F8 (Flyball, 8RS, EV 80.6 MPH)
Batting: LHB B.J. Booth 0-0: Ball
1-0: Ball
2-0: Foul Ball, location: 2F
2-1: Ground out 6-3 (Groundball, 6, EV 91.9 MPH)
Bottom of the 3rd over - 0 runs, 0 hits, 0 errors, 0 left on base; South Bend 4 - West Michigan 0
TOP OF THE 4TH
South Bend Cubs batting - Pitching for West Michigan Whitecaps : RHP Hsiao-Jung Chou
Batting: RHB Kevin Crish 0-0: Foul Ball, location: 2F
0-1: Called Strike
0-2: Foul Ball, location: 2F
0-2: Foul Ball, location: 2F
0-2: Fly out, F8 (Flyball, 89M, EV 83.1 MPH)
Batting: RHB Tyndall Castle 0-0: Ball
1-0: Ball
2-0: Ball
3-0: Base on Balls
Batting: LHB Mike Hewitt 0-0: Fly out, F9 (Line Drive, 89S, EV 90.6 MPH)
Batting: LHB Yerjeni Santos 0-0: Called Strike
0-1: Foul Ball, location: 2F
0-2: SINGLE (Line Drive, 6MD, EV 94.4 MPH)
Tyndall Castle to second
Runner from 2nd tries for 3rd, SAFE, throw by CF made to third
Batting: SHB Dávid Vavro 0-0: Ball
1-0: SINGLE (Flyball, 7S, EV 92.5 MPH)
Tyndall Castle scores
Yerjeni Santos to second
Pitching: LHP Jamie Granger
Batting: RHB Scott Olin 0-0: Called Strike
0-1: Ground out 5-3 (Groundball, 5L, EV 111.2 MPH)
Top of the 4th over - 1 run, 2 hits, 0 errors, 2 left on base; South Bend 5 - West Michigan 0
BOTTOM OF THE 4TH
West Michigan Whitecaps batting - Pitching for South Bend Cubs : RHP Andy Haynes
Batting: LHB Rhys Luker 0-0: Ball
1-0: Ball
2-0: Called Strike
2-1: Ball
3-1: SINGLE (Groundball, 56D, EV 103.1 MPH)
Batting: LHB Manuel Ceballos 0-0: Ball
1-0: Ball
2-0: Called Strike
2-1: Ball
3-1: Called Strike
3-2: Foul Ball, location: 2F
3-2: SINGLE (Line Drive, 8RS, EV 93.1 MPH)
Rhys Luker to second
Runner from 2nd tries for 3rd, SAFE, throw by CF made to third
Batting: RHB Jim Jones 0-0: Ball
1-0: Called Strike
1-1: Foul Ball, location: 2F
1-2: Strikes out looking
Batting: LHB Sean Hartman 0-0: Fly out, F9 (Flyball, 9D, EV 74.4 MPH)
Runner from 3rd tags up, SCORES, throw by RF
Batting: SHB Miles Osorio 0-0: Fly out, F4 (Flyball, 4D, EV 78.1 MPH)
Bottom of the 4th over - 1 run, 2 hits, 0 errors, 1 left on base; South Bend 5 - West Michigan 1
TOP OF THE 5TH
South Bend Cubs batting - Pitching for West Michigan Whitecaps : LHP Jamie Granger
Batting: LHB Orpheus Kirkwood 0-0: Swinging Strike
0-1: Swinging Strike
0-2: Foul Ball, location: 2F
0-2: Ball
1-2: Foul Ball, location: 2F
1-2: Strikes out swinging, 2-3 out at first.
Batting: RHB Hugo Sánchez 0-0: Ground out 5-3 (Groundball, 56, EV 105.6 MPH)
Batting: RHB Kayson Moirin 0-0: Called Strike
0-1: Called Strike
0-2: Fly out, F7 (Line Drive, 7LM, EV 93.1 MPH)
Top of the 5th over - 0 runs, 0 hits, 0 errors, 0 left on base; South Bend 5 - West Michigan 1
BOTTOM OF THE 5TH
West Michigan Whitecaps batting - Pitching for South Bend Cubs : RHP Andy Haynes
Batting: LHB Peyton Chambers 0-0: Foul Ball, location: 2F
0-1: Ball
1-1: Ground out 5-3 (Groundball, 56, EV 101.9 MPH)
Batting: RHB Robin Edwards 0-0: Called Strike
0-1: Foul Ball, location: 2F
0-2: Fly out, F4 (Popup, 4S, EV 86.9 MPH)
Batting: RHB Chris Winningham 0-0: Called Strike
0-1: Called Strike
0-2: Ball
1-2: Ball
2-2: Strikes out swinging
Bottom of the 5th over - 0 runs, 0 hits, 0 errors, 0 left on base; South Bend 5 - West Michigan 1
TOP OF THE 6TH
South Bend Cubs batting - Pitching for West Michigan Whitecaps : LHP Jamie Granger
Batting: RHB Kevin Crish 0-0: Ball
1-0: Ball
2-0: Ball
3-0: Base on Balls
Batting: RHB Tyndall Castle 0-0: Ball
1-0: Swinging Strike
1-1: Called Strike
1-2: Strikes out swinging
Batting: LHB Mike Hewitt 0-0: Ball
1-0: Called Strike
1-1: Called Strike
1-2: Fly out, F8 (Flyball, 89XD, EV 85.0 MPH)
Batting: LHB Yerjeni Santos 0-0: Ball
1-0: Ball
2-0: Called Strike
2-1: Foul Ball, location: 2F
2-2: Foul Ball, location: 2F
2-2: Ball
3-2: Ground out 4-3 (Groundball, 34, EV 90.6 MPH)
Top of the 6th over - 0 runs, 0 hits, 0 errors, 1 left on base; South Bend 5 - West Michigan 1
BOTTOM OF THE 6TH
West Michigan Whitecaps batting - Pitching for South Bend Cubs : RHP Andy Haynes
Batting: LHB B.J. Booth 0-0: Ball
1-0: Fly out, F6 (Popup, 6M, EV 69.4 MPH)
Batting: LHB Rhys Luker 0-0: Foul Ball, location: 2F
0-1: Ball
1-1: Foul Ball, location: 2F
1-2: Foul Ball, location: 2F
1-2: Fly out, F4 (Popup, 4M, EV 70.6 MPH)
Batting: LHB Manuel Ceballos 0-0: Ball
1-0: Called Strike
1-1: Ball
2-1: Fly out, F7 (Flyball, 7D, EV 91.9 MPH)
Bottom of the 6th over - 0 runs, 0 hits, 0 errors, 0 left on base; South Bend 5 - West Michigan 1
TOP OF THE 7TH
South Bend Cubs batting - Pitching for West Michigan Whitecaps : LHP Jamie Granger
Batting: SHB Dávid Vavro 0-0: Called Strike
0-1: Called Strike
0-2: Ball
1-2: Fly out, F9 (Line Drive, 9D, EV 93.1 MPH)
Batting: RHB Scott Olin 0-0: Called Strike
0-1: Ball
1-1: Ground out 6-3 (Groundball, 6, EV 101.9 MPH)
Batting: LHB Orpheus Kirkwood 0-0: Called Strike
0-1: Ball
1-1: Foul Ball, location: 2F
1-2: Ball
2-2: Strikes out swinging
Top of the 7th over - 0 runs, 0 hits, 0 errors, 0 left on base; South Bend 5 - West Michigan 1
BOTTOM OF THE 7TH
West Michigan Whitecaps batting - Pitching for South Bend Cubs : RHP Andy Haynes
Batting: RHB Jim Jones 0-0: Ball
1-0: Ball
2-0: Fly out, F7 (Line Drive, 7, EV 104.4 MPH)
Batting: LHB Sean Hartman 0-0: Ground out 6-3 (Groundball, 6, EV 87.5 MPH)
Batting: SHB Miles Osorio 0-0: Foul Ball, location: 2F
0-1: Ball
1-1: Swinging Strike
1-2: Single, Error in OF, E7, batter to second base (Line Drive, 56, EV 104.4 MPH)
Pitching: RHP Ron Stout
Batting: LHB Peyton Chambers 0-0: Ball
1-0: Ball
2-0: Ball
3-0: Called Strike
3-1: Swinging Strike
3-2: Base on Balls
Batting: RHB Robin Edwards 0-0: Called Strike
0-1: Swinging Strike
0-2: Ball
1-2: Foul Ball, location: 2F
1-2: Foul Ball, location: 2F
1-2: Ball
2-2: Foul Ball, location: 2F
2-2: Strikes out swinging
Bottom of the 7th over - 0 runs, 1 hit, 1 error, 2 left on base; South Bend 5 - West Michigan 1
TOP OF THE 8TH
South Bend Cubs batting - Pitching for West Michigan Whitecaps : LHP Jamie Granger
Batting: RHB Hugo Sánchez 0-0: Called Strike
0-1: Foul Ball, location: 2F
0-2: Strikes out swinging
Batting: RHB Kayson Moirin 0-0: Swinging Strike
0-1: Ball
1-1: SINGLE (Groundball, 56, EV 106.2 MPH)
Pitching: RHP Matthew Wells
Batting: RHB Kevin Crish 0-0: Called Strike
0-1: Ball
1-1: Ball
2-1: Ball
3-1: Foul Ball, location: 2F
3-2: Foul Ball, location: 2F
3-2: Base on Balls
Kayson Moirin to second
Batting: RHB Tyndall Castle 0-0: Fly out, F3 (Popup, 3F, EV 68.8 MPH)
Batting: LHB Mike Hewitt 0-0: Ball
1-0: SINGLE (Line Drive, 89S, EV 85.6 MPH)
Kayson Moirin to third
Kevin Crish to second
Runner from 3rd tries for Home, SAFE, throw by RF to home
Batting: LHB Yerjeni Santos 0-0: Ball
1-0: Ball
2-0: Ball
Passed Ball!
Kevin Crish to third
Mike Hewitt to second
3-0: Called Strike
3-1: Base on Balls
Batting: SHB Dávid Vavro 0-0: Called Strike
0-1: Called Strike
0-2: Foul Ball, location: 2F
0-2: Fly out, F7 (Flyball, 7D, EV 95.0 MPH)
Top of the 8th over - 1 run, 2 hits, 0 errors, 3 left on base; South Bend 6 - West Michigan 1
BOTTOM OF THE 8TH
West Michigan Whitecaps batting - Pitching for South Bend Cubs : RHP Ron Stout
Batting: RHB Chris Winningham 0-0: Called Strike
0-1: Ball
1-1: Ball
2-1: Swinging Strike
2-2: Foul Ball, location: 2F
2-2: Foul Ball, location: 2F
2-2: Fly out, F7 (Line Drive, 7, EV 104.4 MPH)
Batting: LHB B.J. Booth 0-0: Ball
1-0: Swinging Strike
1-1: Called Strike
1-2: Foul Ball, location: 2F
1-2: Foul Ball, location: 2F
1-2: Strikes out swinging
Batting: LHB Rhys Luker 0-0: SINGLE (Line Drive, 8LS, EV 98.8 MPH)
Pitching: RHP Brody Christie
Batting: LHB Manuel Ceballos 0-0: Ball
1-0: Ball
2-0: Ball
3-0: Base on Balls
Rhys Luker to second
Batting: RHB Jim Jones 0-0: Called Strike
0-1: Called Strike
0-2: Strikes out looking
Bottom of the 8th over - 0 runs, 1 hit, 0 errors, 2 left on base; South Bend 6 - West Michigan 1
TOP OF THE 9TH
South Bend Cubs batting - Pitching for West Michigan Whitecaps : RHP Matthew Wells
Pinch Hitting: LHB Alex Chavez 0-0: Ball
1-0: Ball
2-0: Called Strike
2-1: SINGLE (Groundball, 34D, EV 110.6 MPH)
Batting: LHB Orpheus Kirkwood 0-0: SINGLE (Line Drive, 3D, EV 100.6 MPH)
Alex Chavez to second
Alex Chavez to third
Batting: RHB Hugo Sánchez 0-0: Swinging Strike
0-1: Swinging Strike
0-2: Foul Ball, location: 2F
0-2: Ball
1-2: Ball
2-2: Ball
3-2: Foul Ball, location: 2F
3-2: Base on Balls
Orpheus Kirkwood to second
Batting: RHB Kayson Moirin 0-0: Ball
1-0: Ball
2-0: Called Strike
2-1: Grounds into double play, 3-6-3 (Groundball, 13, EV 92.5 MPH)
Alex Chavez scores
Orpheus Kirkwood to third
Batting: RHB Kevin Crish 0-0: Called Strike
0-1: Ball
1-1: Fly out, F7 (Flyball, 78S, EV 80.0 MPH)
Top of the 9th over - 1 run, 2 hits, 0 errors, 1 left on base; South Bend 7 - West Michigan 1
BOTTOM OF THE 9TH
West Michigan Whitecaps batting - Pitching for South Bend Cubs : RHP Brody Christie
Now in CF: Ken Merski
Batting: LHB Sean Hartman 0-0: Called Strike
0-1: Ball
1-1: Ball
2-1: Swinging Strike
2-2: Foul Ball, location: 2F
2-2: Fly out, F9 (Line Drive, 9S, EV 103.8 MPH)
Batting: SHB Miles Osorio 0-0: Swinging Strike
0-1: Foul Ball, location: 2F
0-2: Ball
1-2: Foul Ball, location: 2F
1-2: Ground out 6-3 (Groundball, 6, EV 79.4 MPH)
Batting: LHB Peyton Chambers 0-0: Foul Ball, location: 2F
0-1: DOUBLE (Line Drive, 78D, EV 110.0 MPH)
Batting: RHB Robin Edwards 0-0: Ball
1-0: Called Strike
1-1: Ball
2-1: Ball
3-1: Base on Balls
Batting: RHB Chris Winningham 0-0: Ball
1-0: Ground out 5-3 (Groundball, 56S, EV 65.6 MPH)
Bottom of the 9th over - 0 runs, 1 hit, 0 errors, 2 left on base; South Bend 7 - West Michigan 1
Thursday, May 30th , 2024 - OOTP Baseball 25.5 Build 67